 Dungeon Crawl Stone Soup version 0.18-a0-1799-g6250cb2 (webtiles) character file.

414 graki42 the Slinger (level 7, -3/44 HPs)
             Began as a Halfling Hunter on Apr 23, 2016.
             Was an Initiate of Dithmenos.
             Slain by a centaur (6 damage)
             ... on level 5 of the Dungeon.
             The game lasted 00:11:11 (3193 turns).

graki42 the Slinger (Halfling Hunter)               Turns: 3193, Time: 00:11:12

Health: -3/44      AC:  5    Str: 12    XL:     7   Next: 14%
Magic:  7/7        EV: 15    Int: 10    God:    Dithmenos [......]
Gold:   259        SH:  4    Dex: 17    Spells: 0 memorised, 6 levels left

rFire  . . .     SeeInvis +     b - +0 short sword
rCold  . . .     Gourm    .     c - +0 leather armour
rNeg   . . .     Faith    .     (shield restricted)
rPois  .         Spirit   .     n - +0 helmet (curse)
rElec  .         Dismiss  .     (no cloak)
rCorr  .         Reflect  +     t - +0 pair of gloves
SustAt .         Harm     .     (no boots)
MR     .....                    w - +4 amulet of reflection
Stlth  +++.......               (no ring)
                                x - ring of see invisible

@: not resistant to hostile enchantments, fairly stealthy
A: mutation resistance 1
a: Renounce Religion


You were on level 5 of the Dungeon.
You worshipped Dithmenos.
Dithmenos was noncommittal.
You were near starving.

You visited 1 branch of the dungeon, and saw 5 of its levels.

You collected 259 gold pieces.

Inventory:

Hand Weapons
 a - a +1 hunting sling
 b - a +0 short sword (weapon)
 E - the +4 mace "Veepsaer" {crush, MR++}
   (You found it on level 5 of the Dungeon)

   It inflicts extra damage upon your enemies.
   It affects your resistance to hostile enchantments.
Missiles
 d - 48 sling bullets
 h - 148 stones (quivered)
Armour
 c - a +0 leather armour (worn)
 n - a cursed +0 helmet (worn)
 t - a +0 pair of gloves (worn)
Jewellery
 w - a +4 amulet of reflection (around neck)
 x - a ring of see invisible (left hand)
Wands
 s - a wand of hasting (1/9)
Scrolls
 g - a scroll of silence {unknown}
 k - 3 scrolls of teleportation {unknown}
 l - 4 scrolls of enchant armour {unknown}
 m - 3 scrolls of recharging {unknown}
 o - 2 scrolls of enchant weapon {unknown}
 p - a scroll of noise {unknown}
 y - 2 scrolls of fog {unknown}
 A - a scroll of immolation {unknown}
 C - a scroll of blinking {unknown}
Potions
 e - 2 potions of might {unknown}
 i - 2 potions of heal wounds
 j - 2 potions of curing {unknown}
 q - a potion of flight
 u - 2 potions of invisibility {unknown}
 B - a potion of brilliance
Books
 r - a book of Party Tricks

   Spells                             Type                      Level
   a - Summon Butterflies             Summoning                    1
   b - Apportation                    Translocation                1
   c - Tukima's Dance                 Hexes                        3
   d - Alistair's Intoxication        Transmutation/Poison         5
   e - Invisibility                   Hexes                        6
 D - a book of Changes

   Spells                             Type                      Level
   a - Beastly Appendage              Transmutation                1
   b - Sticks to Snakes               Transmutation                2
   c - Spider Form                    Transmutation/Poison         3
   d - Ice Form                       Ice/Transmutation            4
   e - Blade Hands                    Transmutation                5
Comestibles
 f - 5 bread rations
 v - 3 meat rations
 z - a royal jelly


   Skills:
 + Level 1.8 Fighting
 + Level 10.1 Slings
 + Level 1.2 Armour
 + Level 2.4 Dodging
 * Level 3.8 Stealth


You had 6 spell levels left.
You didn't know any spells.

Dungeon Overview and Level Annotations

Branches:
Dungeon (5/15)
 Temple: D:4-7

Altars:
Dithmenos
Pakellas


Innate Abilities, Weirdness & Mutations

You are small and have problems with some larger weapons.
You are somewhat resistant to further mutation.


Message History

The centaur barely misses you. x2
You hit the centaur but do no damage.
The centaur is severely wounded.
The centaur closely misses you. The centaur misses you.
You hit the centaur.
The centaur is almost dead.
The centaur hits you.
You barely miss the centaur.
The centaur is almost dead.
The centaur hits you!
* * * LOW HITPOINT WARNING * * *
The centaur barely misses you.
You hit the centaur.
The centaur is almost dead.
You block the centaur's attack. The centaur hits you!
* * * LOW HITPOINT WARNING * * *
You hit the centaur but do no damage.
The centaur is almost dead.
The centaur hits you.
You die...

...................#
.......####........#
......## ##......≈# #
......# #..(.(≈≈# .#
≈.....# #......≈# ..#
......## ##.......#...#
.......####............#
.......................#
................@......#
..≈≈..........≈≈c......#
#..≈..........≈..##.####
##..............## .#
###......≈....... #
.###....≈≈≈....## .#
####.####...
.######.####... ...#
..........#≈≈. ...#


You could see a centaur.

Vanquished Creatures
  A giant frog (D:5)
  A crimson imp (D:5)
  3 hounds
  2 orc priests (D:3)
  2 hound skeletons (D:4)
  Robin (D:2)
  2 adders
  An ooze (D:2)
  2 worms
  8 dart slugs (D:4)
  5 giant geckos
  8 orcs
  A bat (D:3)
  2 giant cockroaches
  10 goblins
  6 hobgoblins
  6 jackals
  3 quokkas
  A giant newt (D:1)
  9 kobolds
  2 rats
76 creatures vanquished.

Notes
Turn   | Place    | Note
--------------------------------------------------------------
     0 | D:1      | graki42 the Halfling Hunter began the quest for the Orb.
     0 | D:1      | Reached XP level 1. HP: 14/14 MP: 1/1
   185 | D:1      | Reached skill level 6 in Slings
   198 | D:1      | Reached XP level 2. HP: 19/19 MP: 2/2
   576 | D:2      | Reached XP level 3. HP: 24/24 MP: 3/3
   756 | D:2      | Noticed Robin
   770 | D:2      | Killed Robin
  1134 | D:2      | Reached skill level 7 in Slings
  1134 | D:2      | Reached XP level 4. HP: 29/29 MP: 4/4
  1598 | D:3      | Reached XP level 5. HP: 34/34 MP: 5/5
  1610 | D:3      | Reached skill level 8 in Slings
  2258 | D:4      | Found a shadowy altar of Dithmenos.
  2299 | D:4      | Found an oddly glowing altar of Pakellas.
  2324 | D:4      | Became a worshipper of Dithmenos the Shadowed
  2559 | D:4      | Reached XP level 6. HP: 39/39 MP: 6/6
  2851 | D:4      | Reached skill level 9 in Slings
  2893 | D:5      | Entered Level 5 of the Dungeon
  2905 | D:5      | Reached skill level 1 in Armour
  2927 | D:5      | Reached XP level 7. HP: 26/44 MP: 7/7
  2984 | D:5      | Got an ivory mace
  2985 | D:5      | Identified the +4 mace "Veepsaer" {crush, MR++} (You found it on level 5 of the Dungeon)
  3098 | D:5      | Reached skill level 10 in Slings
  3192 | D:5      | HP: 2/44 [centaur (7)]
  3193 | D:5      | Slain by a centaur

Vault maps used:
D:1:      dpeg_arrival_lava_temple_mockup
D:2:      uniq_robin
D:4:      kennysheep_slugbush, old_standard_altar,
          grunt_dithmenos_smoke_and_mirrors, nicolae_overflow_hidden_temple
D:5:      lemuel_ice_spiral_2, kennysheep_mini_moat,
          minmay_temple_entry_enclosed_plants, first_bread,
          kennysheep_decorative_pillar, minmay_misc_feat_x

Skill      XL: |  1  2  3  4  5  6  7 |
---------------+----------------------+-----
Slings         | 6 7 8 9 10 | 10.1
Stealth        | 2 3 |  3.8
Armour         | 1 |  1.2
Fighting       | |  1.8
Dodging        | |  2.4

Action                   |  1- 3 |  4- 6 |  7- 9 || total
-------------------------+-------+-------+-------++-------
Melee: Short sword       |       |       |    16 ||    16
 Fire: Hunting sling     |    81 |   193 |    17 ||   291
  Use: Scroll            |       |       |     5 ||     5
  Eat: Chunk             |       |     5 |       ||     5
Armor: Leather armour    |     1 |    11 |       ||    12
Dodge: Dodged            |    12 |    48 |    20 ||    80
Block: Other             |       |     9 |     2 ||    11
       Reflection        |       |     1 |       ||     1
